 Dungeon Sprint DCSS version 0.30-a0-272-gf98c3da03f (webtiles) character file.

Game seed: 9610944986619196928

1484 Low2 the Cruncher (level 8, -3/93 HPs)
             Began as an Ogre Gladiator on Oct 15, 2022.
             Was a Believer of Okawaru.
             Slain by a demonic crawler (13 damage)
             ... in the Dungeon (Sprint I: "Red Sonja").
             The game lasted 00:09:07 (848 turns).

Low2 the Cruncher (Ogre Gladiator)                   Turns: 848, Time: 00:09:07

Health: -3/93      AC:  6    Str: 21    XL:     8   Next: 79%
Magic:  4/8        EV: 14    Int:  9    God:    Okawaru [**....]
Gold:   155        SH:  0    Dex: 10    Spells: 7/7 levels left

rFire   . . .      SeeInvis .    a - +0 quarterstaff
rCold   . . .      Faith    .    (shield currently unavailable)
rNeg    + . .      Spirit   .    d - +2 robe {rN+}
rPois   .          Reflect  .    c - +1 hat
rElec   .          Harm     .    (no cloak)
rCorr   .          Rampage  .    (gloves unavailable)
Will    .....      NoTele   +    (boots unavailable)
Stlth   ++++......               (no amulet)
HPRegen 0.35/turn                (no ring)
MPRegen 0.11/turn                (no ring)

@: heroic
A: large, unfitting armour, tough skin 1
a: Renounce Religion, Heroism


You were in the Dungeon.
You worshipped Okawaru.
Okawaru was pleased with you.
You visited 1 branch You collected 405 gold pieces.
You spent 250 gold pieces at shops.

Inventory:

Hand Weapons
 a - a +0 quarterstaff (weapon)
Armour
 b - a +0 robe
 c - a +1 hat (worn)
 d - a +2 robe of positive energy (worn)
Scrolls
 g - 7 scrolls of identify
Potions
 i - 2 potions of magic


   Skills:
 + Level 9.8(14.8) Fighting
 + Level 12.3(17.3) Staves
 + Level 8.0(13.0) Throwing
 + Level 8.6(13.6) Dodging
 + Level 4.2(9.2) Stealth
 + Level 0.6 Invocations
 + Level 1.1 Evocations


You had 7 spell levels left.
You didn't know any spells.
Your spell library was empty.

Dungeon Overview and Level Annotations

Branches:
Dungeon (1/1)

Altars:
Cheibriados
Dithmenos
Elyvilon
Fedhas
Gozag
Hepliaklqana
Kikubaaqudgha
Makhleb
Nemelex Xobeh
Okawaru
Qazlal
Ru
Sif Muna
Trog
Uskayaw
Vehumet
Wu Jian
Xom
Yredelemnul
Zin
The Shining One
Jiyva
Lugonu

Shops:
D ?


Innate Abilities, Weirdness & Mutations

You are too large for most types of armour.
You have tough skin. (AC +1)


Message History

The demonic crawler hits you but does no damage.
The demonic crawler barely misses you.
The demonic crawler hits you but does no damage.
The demonic crawler hits you! The demonic crawler barely misses you.
You barely miss the demonic crawler.
The demonic crawler is almost dead.
The demonic crawler shrieks in warning!
A gargoyle comes into view. It is wielding a +0 flail.
The demonic crawler hits you.
The demonic crawler completely misses you.
The demonic crawler hits you.
The demonic crawler shrieks in warning!
You hear an angry buzzing noise.
You hit the demonic crawler.
You kill the demonic crawler!
Okawaru is honoured by your kill. The demonic crawler hits you.
The demonic crawler hits you! The demonic crawler closely misses you.
Your base Staves skill increases to level 12!
Your base Throwing skill increases to level 8!
Your base Stealth skill increases to level 4!
You hit the demonic crawler.
The demonic crawler is lightly wounded.
The demonic crawler hits you but does no damage.
The demonic crawler hits you! The demonic crawler hits you.
You hit the demonic crawler.
The demonic crawler is lightly wounded.
The demonic crawler shrieks in warning!
Unknown command.
You barely miss the demonic crawler. The demonic crawler hits you! x2
* * * LOW HITPOINT WARNING * * *
The demonic crawler hits you.
* * * LOW HITPOINT WARNING * * *
The demonic crawler closely misses you. The demonic crawler barely misses you.
The demonic crawler hits you.
* * * LOW HITPOINT WARNING * * *
You feel more confident with your borrowed prowess.
The demonic crawler shrieks in warning!
The demonic crawler hits you!
You die...

##################
.#..)..#__#..')..#
.'..#..'..'..#..s##+#
'#####'#__####..@ss.#
.#...#.#### #####9.+
##..##[# ## _##'#_.+
..'..._# _##_.#'#
_###+#.# ## ###


You could see 3 demonic crawlers and a gargoyle.

Vanquished Creatures
  A demonic crawler (D)
  2 kobold demonologists (D)
  A slime creature (D)
  Sigmund (D)
  A yak (D)
  A floating eye (D)
  An ogre (D)
  A jelly (D)
  Ijyb (D)
10 creatures vanquished.

Notes
Turn   | Place    | Note
-------+----------+-------------------------------------------
     0 | D        | Low2 the Ogre Gladiator began the quest for the Orb.
     0 | D        | Reached XP level 1. HP: 22/22 MP: 1/1
     2 | D        | Noticed Ijyb
     6 | D        | Paralysed by Ijyb for 3 turns
    14 | D        | Paralysed by Ijyb for 4 turns
    19 | D        | Killed Ijyb
    20 | D        | Reached skill level 4 in Staves
    20 | D        | Reached XP level 2. HP: 20/32 MP: 2/2
    20 | D        | Reached XP level 3. HP: 24/39 MP: 3/3
    76 | D        | Noticed an ogre
    82 | D        | Killed an ogre
    83 | D        | Reached skill level 5 in Fighting
    83 | D        | Reached skill level 6 in Staves
    83 | D        | Reached skill level 5 in Dodging
    83 | D        | Reached XP level 4. HP: 50/50 MP: 4/4
    90 | D        | Noticed Sigmund
   131 | D        | Found an ornate altar of the Wu Jian Council.
   131 | D        | Found a shimmering blue altar of Sif Muna.
   140 | D        | Killed Sigmund
   141 | D        | Reached skill level 8 in Staves
   141 | D        | Reached skill level 5 in Throwing
   141 | D        | Reached XP level 5. HP: 58/61 MP: 5/5
   141 | D        | Reached XP level 6. HP: 64/68 MP: 6/6
   174 | D        | Found a radiant altar of Vehumet.
   219 | D        | Found Vettetz's Magic Scroll Emporium.
   219 | D        | Found an ancient bone altar of Kikubaaqudgha.
   219 | D        | Found a hazy altar of Hepliaklqana.
   219 | D        | Found a stormy altar of Qazlal.
   219 | D        | Found a hide-covered altar of Uskayaw.
   219 | D        | Found a blossoming altar of Fedhas.
   219 | D        | Found a bloodstained altar of Trog.
   219 | D        | Found an iron altar of Okawaru.
   219 | D        | Found a basalt altar of Yredelemnul.
   219 | D        | Found a glowing golden altar of the Shining One.
   219 | D        | Found a snail-covered altar of Cheibriados.
   219 | D        | Found a sacrificial altar of Ru.
   219 | D        | Found a glowing silver altar of Zin.
   219 | D        | Found a shadowy altar of Dithmenos.
   219 | D        | Found a white marble altar of Elyvilon.
   219 | D        | Noticed a yak
   263 | D        | Killed a yak
   264 | D        | Reached skill level 9 in Staves
   264 | D        | Reached skill level 1 in Stealth
   300 | D        | Found an opulent altar of Gozag.
   301 | D        | Found a sparkling altar of Nemelex Xobeh.
   310 | D        | Became a worshipper of Warmaster Okawaru
   313 | D        | Bought a scroll of enchant armour for 75 gold pieces
   313 | D        | Bought a scroll of identify for 20 gold pieces
   313 | D        | Bought a scroll of torment for 95 gold pieces
   313 | D        | Bought 3 scrolls of identify for 60 gold pieces
   333 | D        | Found a burning altar of Makhleb.
   333 | D        | Found a viscous altar of Jiyva.
   333 | D        | Found a shimmering altar of Xom.
   333 | D        | Found a corrupted altar of Lugonu.
   333 | D        | Noticed a slime creature
   350 | D        | Killed a slime creature
   350 | D        | Reached * piety under Okawaru
   351 | D        | Reached skill level 10 in Staves
   351 | D        | Reached XP level 7. HP: 22/80 MP: 7/7
   555 | D        | Noticed a kobold demonologist
   556 | D        | Noticed a kobold demonologist
   558 | D        | Noticed a soul eater
   558 | D        | Noticed a neqoxec
   568 | D        | Killed a kobold demonologist
   569 | D        | Reached skill level 11 in Staves
   569 | D        | Reached XP level 8. HP: 41/91 MP: 5/8
   583 | D        | Killed a kobold demonologist
   584 | D        | Reached skill level 1 in Evocations
   837 | D        | Noticed a demonic crawler
   837 | D        | Noticed a demonic crawler
   837 | D        | Noticed a demonic crawler
   837 | D        | Noticed a demonic crawler
   843 | D        | Noticed a gargoyle
   844 | D        | Killed a demonic crawler
   844 | D        | Reached ** piety under Okawaru
   845 | D        | Reached skill level 12 in Staves
   848 | D        | Slain by a demonic crawler

Illustrated notes

Levels and vault maps discovered:
D:        dungeon_sprint_1 [red_sonja_temple_1, red_sonja_temple_small_1]

Skill      XL: |  1  2  3  4  5  6  7  8 |
---------------+-------------------------+-----
Fighting       | 3 5 6 8 9 |  9.8
Staves         | 4 6 8 10 11 12 | 12.3
Dodging        | 4 5 6 7 8 |  8.6
Throwing       | 3 5 6 7 8 |  8.0
Stealth        | 2 3 4 |  4.2
Evocations     | 1 |  1.1
Invocations    | |  0.6

Action                   |  1- 3 |  4- 6 |  7- 9 || total
-------------------------+-------+-------+-------++-------
Melee: Quarterstaff      |    11 |    38 |    32 ||    81
Throw: Throwing net      |     5 |     5 |       ||    10
       Large rock        |     2 |     4 |     2 ||     8
Invok: Heroism           |       |       |     3 ||     3
Evoke: Wand              |       |     2 |       ||     2
  Use: Potion            |       |     5 |       ||     5
       Scroll            |       |     2 |     1 ||     3
 Stab: Invisible         |       |     3 |       ||     3
Armor: Robe              |     1 |     6 |    12 ||    19
Dodge: Dodged            |     2 |    11 |    25 ||    38

Table legend: (Time is in decaauts)
 A = Elapsed time spent in this place.
 B = Non-inter-level travel time spent in this place.
 C = Inter-level travel time spent in this place.
 D = Time resting spent in this place.
 E = Time spent auto-exploring this place.
 F = Levels seen in this place.
 G = Mean time per level.
                   A        B        C        D        E       F      G
               +--------+--------+--------+--------+--------+-----+--------+
         Total |    829 |    829 |      0 |    481 |      0 |   1 |  829.0 |
       Dungeon |    829 |    829 |      0 |    481 |      0 |   1 |  829.0 |
               +--------+--------+--------+--------+--------+-----+--------+

Top non-repeatable levels by time:
       D: 829 daAuts
